 Dungeon Crawl Stone Soup version 0.14-a0-2071-g7172c92 (webtiles) character file.

588 ReteAZ the Ruffian (level 6, 0/51 HPs)
             Began as a Hill Orc Monk on Jan 23, 2014.
             Was a Priest of Cheibriados.
             Killed from afar by an orc priest (19 damage)
             ... with a wand of fire
             ... on Level 5 of the Dungeon.
             The game lasted 00:17:31 (4159 turns).

ReteAZ the Ruffian (Hill Orc Monk)                  Turns: 4159, Time: 00:17:31

HP   0/51        AC 11     Str 27      XL: 6   Next: 94%
MP   6/6         EV 11     Int 16      God: Cheibriados [***...]
Gold 167         SH  0     Dex 24      Spells:  0 memorised,  5 levels left

rFire  . . .     SeeInvis .       - Unarmed
rCold  . . .     Clarity  .     s - +0 plate armour (curse)
rNeg   . . .     Conserve .     (no shield)
rPois  .         rCorr    .     (no helmet)
rElec  .         rRot     .     (no cloak)
SustAb . .       Spirit   .     (no gloves)
rMut   .         Warding  .     (no boots)
Saprov + . .     Stasis   .     (no amulet)
MR     .....                    (no ring)
                                (no ring)

@: mighty, agile, very slow, not resistant to hostile enchantments, extremely
unstealthy
A: saprovore 1
a: Bend Time, Temporal Distortion, Renounce Religion, Convert to Beogh


You were on level 5 of the Dungeon.
You worshipped Cheibriados.
Cheibriados was most pleased with you.
You were not hungry.

You visited 2 branches of the dungeon, and saw 6 of its levels.

You collected 167 gold pieces.

Inventory:

Missiles
 c - 10 exploding darts (quivered)
 k - 4 tomahawks of returning
 o - 15 poisoned needles
Armour
 a - a +0 orcish robe
 d - a +0 ring mail
 s - a cursed +0 plate armour (worn)
Magical devices
 q - a wand of teleportation (4) {unknown}
Comestibles
 b - 3 meat rations
 f - a chunk of orc flesh
 g - 2 apples
 l - a pear
 m - a honeycomb
 u - 3 bread rations
 v - a rotting chunk of human flesh
 x - a choko
 z - 15 strawberries
Scrolls
 i - a scroll of enchant weapon I
 j - 3 scrolls of identify
Potions
 e - a potion of heal wounds
 h - 6 potions of curing
 p - a potion of restore abilities
 A - a potion of porridge


   Skills:
 - Level 3.6 Fighting
 + Level 4.0 Armour
 - Level 2.4 Dodging
 - Level 1.5 Stealth
 * Level 7.6 Unarmed Combat


You had 5 spell levels left.
You didn't know any spells.

Dungeon Overview and Level Annotations

Branches:
Dungeon (5/16)             Temple (1/1) D:4

Altars:
Ashenzari
Cheibriados
Dithmengos
Elyvilon
Fedhas
Makhleb
Okawaru
Sif Muna
Vehumet
Xom
the Shining One


Innate Abilities, Weirdness & Mutations

You can tolerate rotten meat.


Message History

Things that are here:
a stone; a vampiric scythe; an orcish robe
Things that are here:
a glowing dagger; a kobold corpse
Items here: % ( )) [ an uncursed orcish dagger; an uncursed sling; 11 stones; a leather armour a goblin corpse You see here a stone.
There is an open door here.
An orc priest comes into view.
The orc priest shouts, "Beogh is our master!
Accept the truth or die!" (press a Y to convert to Beogh)
The orc priest shouts!
There is an open door here.
The orc priest invokes the aid of Beogh against you.
Something smites you!
The orc priest mumbles some strange prayers to Beogh against you.
Something smites you!
The orc priest zaps a wand.
The bolt of fire hits you!
You die...

.. ###... .......
.......
########....####
...............o.
. ##..@##...# .#
#.........###.#
#.###'###.....# #
#.# #.....##
....###.###......#
#.'.._..'......#
#...#######......#
###.# ### #(#...##
#.#######..####


You could see an orc priest.

Vanquished Creatures
  Sigmund (D:5)
  Blork the orc (D:5)
  A crimson imp (D:5)
  An iguana (D:5)
  A scorpion (D:4)
  A killer bee zombie (D:4)
  2 worker ants (D:4)
  4 adders
  2 giant mites
  A worm (D:3)
  An ooze (D:1)
  A bat skeleton (D:4)
  5 giant cockroaches
  5 hobgoblins
  12 jackals
  3 quokkas
  3 ball pythons (D:4)
  10 bats
  A giant gecko (D:1)
  3 giant newts
  5 goblins
  A goblin skeleton (D:5)
  9 kobolds
  12 rats
86 creatures vanquished.

Vanquished Creatures (others)
  A butterfly (D:4)
1 creature vanquished.

Grand Total: 87 creatures vanquished

Notes
Turn   | Place    | Note
--------------------------------------------------------------
     0 | D:1      | ReteAZ, the Hill Orc Monk, began the quest for the Orb.
     0 | D:1      | Reached XP level 1. HP: 19/19 MP: 1/1
   448 | D:1      | Reached XP level 2. HP: 26/26 MP: 2/2
   529 | D:1      | Reached skill level 1 in Armour
   913 | D:1      | Reached skill level 5 in Unarmed Combat
   913 | D:1      | Reached XP level 3. HP: 23/31 MP: 3/3
  1054 | D:2      | Found a burning altar of Makhleb.
  1239 | D:2      | Reached XP level 4. HP: 31/39 MP: 4/4
  1308 | D:2      | Found a shimmering altar of Xom.
  1309 | D:2      | You fall through a shaft!
  2311 | D:3      | Found a deep blue altar of Sif Muna.
  2642 | D:4      | Reached skill level 6 in Unarmed Combat
  2642 | D:4      | Reached XP level 5. HP: 20/45 MP: 5/5
  2798 | D:4      | Paralysed by a potion of paralysis for 4 turns
  2885 | D:4      | Found a staircase to the Ecumenical Temple.
  2892 | Temple   | Entered the Ecumenical Temple
  2925 | Temple   | Became a worshipper of Cheibriados the Contemplative
  3271 | D:4      | HP: 2/45 [poisoned by a scorpion]
  3283 | D:4      | HP: 2/45 [poisoned by a scorpion]
  3838 | D:5      | Entered Level 5 of the Dungeon
  3878 | D:5      | Noticed Sigmund
  3892 | D:5      | Killed Sigmund
  3892 | D:5      | Reached skill level 7 in Unarmed Combat
  3892 | D:5      | Reached XP level 6. HP: 29/51 MP: 6/6
  3906 | D:5      | Noticed Blork the orc
  3995 | D:5      | Found a radiant altar of Vehumet.
  4013 | D:5      | Acquired Cheibriados' first power
  4126 | D:5      | Killed Blork the orc
  4159 | D:5      | Killed from afar by an orc priest

Action                   |  1- 3 |  4- 6 || total
-------------------------+-------+-------++-------
Melee: Unarmed           |   116 |   233 ||   349
Throw: Dart              |     2 |     5 ||     7
  Use: Scroll            |       |    17 ||    17
       Potion            |       |     7 ||     7
 Stab: Invisible         |       |     1 ||     1
